 Dungeon Crawl Stone Soup version 0.27.0-1-g7a089689b8 (webtiles) character file.

Game seed: 1327964946351184443

8 H0rd4k the Caller (level 2, -1/19 HPs)
             Began as a Barachi Summoner on Aug 6, 2021.
             Slain by a kobold (4 damage)
             ... on level 1 of the Dungeon.
             The game lasted 00:01:32 (321 turns).

H0rd4k the Caller (Barachi Summoner)                 Turns: 321, Time: 00:01:33

Health: -1/19      AC:  2    Str:  9    XL:     2   Next: 8%
Magic:  1/5        EV: 12    Int: 15    God:
Gold:   7          SH:  0    Dex: 12    Spells: 5/6 levels left

rFire    . . .     SeeInvis .   (no weapon)
rCold    . . .     Faith    .   (no shield)
rNeg     . . .     Spirit   .   a - +0 robe
rPois    .         Reflect  .   (no helmet)
rElec    .         Harm     .   (no cloak)
rCorr    .         Rampage  .   (no gloves)
Will     .....                  (no boots)
Stlth    ++........             (no amulet)
HPRegen  0.06/turn              (no ring)
MPRegen  0.09/turn              (no ring)

@: unable to hop, slow
A: amphibious, slowness 1, strong legs 1, +LOS
a: Hop


You were on level 1 of the Dungeon.
You visited 1 branch of the dungeon, and saw 1 of its levels.

You collected 7 gold pieces.

Inventory:

Armour
 a - a +0 robe (worn)


   Skills:
 + Level 2.3 Dodging
 - Level 1.7 Stealth
 * Level 2.6 Spellcasting
 * Level 4.9 Summonings


You had 5 spell levels left.
You knew the following spells:

 Your Spells              Type           Power      Damage    Failure   Level
a - Summon Small Mammal   Summ           64%        N/A       2%          1

Your spell library contained the following spells:

 Spells                   Type           Power      Damage    Failure   Level
 Call Imp                 Summ           16%        N/A       4%          2
 Call Canine Familiar     Summ           16%        N/A       9%          3
 Summon Guardian Golem    Hex/Summ       9%         N/A       22%         3
 Summon Lightning Spire   Summ/Air       9%         N/A       58%         4


Dungeon Overview and Level Annotations

Branches:
Dungeon (1/15)

Altars:


Innate Abilities, Weirdness & Mutations

You are amphibious.
You cover ground slowly.
You can hop short distances.
You have an extended range of vision and can be seen from far away.


Message History

Anything else - Cancel.
Guard this area!
The gnoll hits your bat with a +0 club!
Your bat dies!
Your bat's corpse disappears in a puff of smoke!
A rat comes into view.
Casting: Summon Small Mammal (safe; 2% risk of failure)
Confirm with . or Enter, or press ? or * to list all spells.
The gnoll hits you with a +0 club.
* * * LOW HITPOINT WARNING * * *
Unknown command.
Hop to where?
Press: ? - help, Dir - move target Boing!
A kobold comes into view. It is wielding a +0 dagger.
Your bat hits the gnoll but does no damage.
The rat barely misses you. The gnoll hits your bat with a +0 club.
Your bat dies!
Your bat's corpse disappears in a puff of smoke!
Casting: Summon Small Mammal (safe; 2% risk of failure)
Confirm with . or Enter, or press ? or * to list all spells.
You don't have enough magic to cast this spell.
Unknown command.
The rat bites you.
* * * LOW HITPOINT WARNING * * *
You aren't carrying any potions.
Unknown command.
You aren't carrying any potions.
Unknown command.
As you read the scroll labelled GEFEZA ZIAQAFUIPN, it crumbles to dust.
You feel a surge of unholy energy.
The gnoll convulses!
The giant cockroach convulses!
It was a scroll of torment.
The rat completely misses you.
As you read the scroll labelled PIOQEN NEPESCH, it crumbles to dust.
It is a scroll of enchant weapon.
You aren't carrying any weapons that can be enchanted.
The rat closely misses you.
A frilled lizard comes into view.
The kobold shouts!
The kobold hits you with a +0 dagger.
You die...

#. #######...## #.
.........### #.
########.# # #.
#.# # #.### # #.#
# ###.l.##|# #.# #
....... #.# #
#.K.# #.# # #@#
#g# #r# #.# #g# #
#.# #.#
#.##.#####g# #B#
#..........# #.#
#######.#### #.#
#.###### #.#
#.##....
#.#########.##.###


You could see a gnoll, a giant cockroach, a kobold, a frilled lizard and a rat.

Vanquished Creatures (collateral kills)
  2 endoplasms (D:1)
  A goblin (D:1)
  2 hobgoblins (D:1)
  3 jackals (D:1)
  A ball python (D:1)
  A frilled lizard (D:1)
  2 kobolds (D:1)
12 creatures vanquished.

Notes
Turn   | Place    | Note
-------+----------+-------------------------------------------
     0 | D:1      | H0rd4k the Barachi Summoner began the quest for the Orb.
     0 | D:1      | Reached XP level 1. HP: 13/13 MP: 3/3
   236 | D:1      | Reached XP level 2. HP: 8/19 MP: 1/5
   321 | D:1      | Slain by a kobold

Illustrated notes

Levels and vault maps discovered:
D:1:      dpeg_arrival_more_subterranean_lakeside_camping, layout_loops_ring,
          minmay_tromino_v4_a

Action                   || total
-------------------------++-------
 Cast: Summon Small Mamm ||    23
 Abil: Hop               ||     1
  Use: Scroll            ||     2
Armor: Robe              ||     8
Dodge: Dodged            ||    28
